cohdb
Replays
Latest Replays
All Replays
Popular Replays
Top Player Replays
Match Explorer
How It Works
Community
CoH3 Stats
Reddit
Sign in to upload your games and track your stats! →
Sign in with Steam
Match 46649839
Unlisted
Match 46649839
Overview
Messages
Build Orders
End
Selects Italian Combined Arms Battlegroup
Selects Bersaglieri Squad
Bersaglieri Squad
Bersaglieri Squad
Construct Light Support Kompanie
Bersaglieri Squad
2.5-tonne Medical Truck
Selects Bersaglieri Bolster
Fire Support Elements
Pak 38 Anti-tank Gun Team
Selects Breda Model 30 Light Machine Guns
Pak 38 Anti-tank Gun Team
GoLdenCoBRaaa
Tiger Mafia
Angrybirds
ProxyFox
0
0
Comments
sign in to comment!
No comments posted yet!